 Dungeon Crawl Stone Soup version 0.30-a0-141-g30f27751c5 (webtiles) character file.

Game seed: 8143100981294949286

126 qw the Chopper (level 5, 0/32 HPs)
             Began as a Gargoyle Fighter on Sept 25, 2022.
             Slain by Grinder (7 damage)
             ... on level 3 of the Dungeon.
             The game lasted 00:00:58 (2379 turns).

qw the Chopper (Gargoyle Fighter)                   Turns: 2379, Time: 00:00:59

Health: 0/32       AC: 10    Str: 22    XL:     5   Next: 10%
Magic:  5/5        EV:  8    Int:  8    God:
Gold:   113        SH:  8    Dex:  9    Spells: 4/4 levels left

rFire   . . .      SeeInvis .    Y - +0 war axe
rCold   . . .      Faith    .    a - +0 kite shield
rNeg    + . .      Spirit   .    b - +0 scale mail
rPois   inf        Reflect  .    (no helmet)
rElec   +          Harm     .    (no cloak)
rCorr   .          Rampage  .    (no gloves)
Will    .....                    (no boots)
Stlth   ..........               (no amulet)
HPRegen 0.10/turn                (no ring)
MPRegen 0.09/turn                (no ring)

@: no status effects
A: sickness immunity, AC +4, negative energy resistance 1, electricity
resistance, torment resistance 1, petrification resistance
a: no special abilities


You were on level 3 of the Dungeon.
You visited 1 branch of the dungeon, and saw 3 of its levels.

You collected 113 gold pieces.


Innate Abilities, Weirdness & Mutations

You are immune to sickness and miasma.
Your stone body is resilient. (AC +4)
You are immune to poison.
You resist negative energy. (rN+)
You are resistant to electric shocks. (rElec)
You are resistant to unholy torment.
You are immune to petrification.


   Skills:
 - Level 3.2 Fighting
 - Level 4.1 Axes
 - Level 3.2 Armour
 + Level 4.1 Shields


You had 4 spell levels left.
You didn't know any spells.
Your spell library was empty.

Inventory:

Hand Weapons
 e - a +0 flail
 Y - a +0 war axe (weapon)
Armour
 a - a +0 kite shield (worn)
 b - a +0 scale mail (worn)
Scrolls
 j - 3 scrolls of identify
Potions
 d - a potion of might
 f - a potion of lignification

Dungeon Overview and Level Annotations

Branches:
Dungeon (3/15)

Altars:

Shops:
D:1 (

Annotations:
D:3 Grinder


Message History

You hit the orc but do no damage. The orc barely misses you.
You block the orc's attack.
You barely miss the orc. The orc hits you but does no damage.
You slash the orc!
You kill the orc!
You now have 113 gold pieces (gained 7).
A hobgoblin comes into view.
The hobgoblin shouts!
You hit the hobgoblin.
The hobgoblin is heavily wounded.
The hobgoblin completely misses you.
You slash the hobgoblin!
You kill the hobgoblin!
You see here a hobgoblin corpse.
Found a book of Air.
You see here a hobgoblin corpse.
Grinder is nearby!
Grinder gestures at you.
You suddenly lose the ability to move!
You can move again.
Grinder hits you.
You writhe in agony.
You slash Grinder!
Grinder is moderately wounded.
Grinder hits you.
You writhe in agony.
You hit Grinder.
Grinder is moderately wounded.
You block Grinder's attack.
You slash Grinder!
Grinder is heavily wounded.
Grinder hits you.
Grinder blinks!
Grinder hits you.
You closely miss Grinder.
Grinder is heavily wounded.
Grinder hits you but does no damage.
You barely miss Grinder.
Grinder is heavily wounded.
Grinder blinks!
Grinder hits you!
You die...

########## ### .........# #..
.........# ###### #.. .........#
#######....# #.. .......:.#
#......>...# #.. .........#
###.#####....#######..
############.......#.............
................@5...######......
......##...#.....................
.)..#..#...#.......#.............
#.#.#....#.#.#####.#(######......
.....##.#..#.#####...# #......
#############.......## ##.####
#....<..# #..# #
###.......#######.#####
#......................


You could see Grinder.

Vanquished Creatures
  Terence (D:3)
  4 adders (D:2)
  A worm (D:2)
  A dart slug (D:2)
  An orc (D:3)
  4 bats
  5 endoplasms
  3 giant cockroaches
  3 goblins
  7 hobgoblins
  4 jackals (D:1)
  2 quokkas
  7 ball pythons
  A frilled lizard (D:2)
  5 kobolds
  3 rats (D:1)
52 creatures vanquished.

Notes
Turn   | Place    | Note
-------+----------+-------------------------------------------
     0 | D:1      | qw the Gargoyle Fighter began the quest for the Orb.
     0 | D:1      | Reached XP level 1. HP: 14/14 MP: 1/1
     0 | D:1      | 0 ||| qw: Version: 0.2-a-10-g399e6c4
     0 | D:1      | 0 ||| qw: Game counter: 204
     0 | D:1      | 0 ||| qw: Always use a shield: true
     0 | D:1      | 0 ||| qw: God list: Okawaru
     0 | D:1      | 0 ||| qw: Allow faded altars: false
     0 | D:1      | 0 ||| qw: Do Orc after D:15 true
     0 | D:1      | 0 ||| qw: Do second Lair branch before Depths: true
     0 | D:1      | 0 ||| qw: Lair rune preference: random
     0 | D:1      | 0 ||| qw: Plans: Normal, Zot:1-4, God:TSO, Crypt, Tomb,
                  | Pan, Slime:5, Hells, Abyss, Orb
     0 | D:1      | 0 ||| PLANNING D:1-11
    25 | D:1      | 25 ||| Stepping ~*~*~tactically~*~*~ (stealth).
    27 | D:1      | 27 ||| Stepping ~*~*~tactically~*~*~ (stealth).
    30 | D:1      | 30 ||| Stepping ~*~*~tactically~*~*~ (stealth).
    35 | D:1      | 35 ||| Stepping ~*~*~tactically~*~*~ (stealth).
    62 | D:1      | Reached XP level 2. HP: 19/19 MP: 2/2
    64 | D:1      | 64 ||| Stepping ~*~*~tactically~*~*~ (stealth).
    75 | D:1      | 75 ||| Stepping ~*~*~tactically~*~*~ (stealth).
    76 | D:1      | 76 ||| Stepping ~*~*~tactically~*~*~ (stealth).
    81 | D:1      | 81 ||| Stepping ~*~*~tactically~*~*~ (stealth).
    82 | D:1      | 82 ||| Stepping ~*~*~tactically~*~*~ (stealth).
    83 | D:1      | 83 ||| Stepping ~*~*~tactically~*~*~ (stealth).
    84 | D:1      | 84 ||| Stepping ~*~*~tactically~*~*~ (stealth).
   220 | D:1      | 220 ||| Stepping ~*~*~tactically~*~*~ (hiding).
   242 | D:1      | Found Plog's Weapon Boutique.
   255 | D:1      | You fall into a shaft and drop 1 floor!
   267 | D:2      | Reached skill level 3 in Axes
   267 | D:2      | Reached XP level 3. HP: 23/23 MP: 3/3
   346 | D:2      | 346 ||| READING scroll labelled UMEOGU ETAA.
   567 | D:1      | 567 ||| SHOPLISTING +1 mace of protection (116 gold, have
                  | 66).
   645 | D:1      | 645 ||| READING 3 scrolls labelled YHEFEAMECK.
   646 | D:1      | 646 ||| READING scroll labelled UZAXUF WUJI.
   647 | D:1      | 647 ||| READING scroll labelled YSINUKK CAZYO.
   648 | D:1      | 648 ||| DROPPING 2 scrolls of blinking.
   757 | D:2      | 757 ||| Stepping ~*~*~tactically~*~*~ (stealth).
   885 | D:2      | Reached XP level 4. HP: 28/28 MP: 4/4
  1104 | D:2      | 1104 ||| Stepping ~*~*~tactically~*~*~ (stealth).
  1472 | D:2      | 1472 ||| UPGRADING to +0 kite shield.
  1482 | D:2      | 1482 ||| DROPPING +0 buckler.
  1483 | D:2      | 1483 ||| READING scroll labelled WUATSO GUNOFI.
  1484 | D:2      | 1484 ||| READING 4 scrolls of identify.
  1484 | D:2      | 1484 ||| IDENTIFYING cyan potion
  1485 | D:2      | 1485 ||| READING 3 scrolls of identify.
  1485 | D:2      | 1485 ||| IDENTIFYING yellow potion
  1486 | D:2      | 1486 ||| DROPPING potion of magic.
  1595 | D:3      | 1595 ||| Stepping ~*~*~tactically~*~*~ (hiding).
  1596 | D:3      | 1596 ||| Stepping ~*~*~tactically~*~*~ (hiding).
  1597 | D:3      | 1597 ||| Stepping ~*~*~tactically~*~*~ (hiding).
  1732 | D:3      | Noticed Terence
  1734 | D:3      | 1734 ||| FLEEEEING.
  1735 | D:3      | 1735 ||| FLEEEEING.
  1736 | D:3      | 1736 ||| FLEEEEING.
  1747 | D:3      | 1747 ||| FLEEEEING.
  1748 | D:3      | 1748 ||| FLEEEEING.
  1749 | D:3      | 1749 ||| FLEEEEING.
  1750 | D:3      | 1750 ||| FLEEEEING.
  1751 | D:3      | 1751 ||| FLEEEEING.
  1752 | D:3      | 1752 ||| FLEEEEING.
  1753 | D:3      | 1753 ||| FLEEEEING.
  1754 | D:3      | 1754 ||| FLEEEEING.
  1755 | D:3      | 1755 ||| FLEEEEING.
  1759 | D:3      | 1759 ||| FLEEEEING.
  1761 | D:3      | 1761 ||| FLEEEEING.
  1762 | D:3      | 1762 ||| FLEEEEING.
  1763 | D:3      | 1763 ||| FLEEEEING.
  1764 | D:3      | 1764 ||| FLEEEEING.
  1769 | D:3      | 1769 ||| FLEEEEING.
  1771 | D:3      | 1771 ||| FLEEEEING.
  1772 | D:3      | 1772 ||| FLEEEEING.
  1773 | D:3      | 1773 ||| FLEEEEING.
  1774 | D:3      | 1774 ||| FLEEEEING.
  1775 | D:3      | 1775 ||| FLEEEEING.
  1776 | D:3      | 1776 ||| FLEEEEING.
  1777 | D:3      | 1777 ||| FLEEEEING.
  1785 | D:3      | Killed Terence
  1786 | D:3      | Reached XP level 5. HP: 30/32 MP: 5/5
  1801 | D:3      | 1801 ||| DROPPING +0 whip.
  1810 | D:3      | 1810 ||| Stepping ~*~*~tactically~*~*~ (stealth).
  1815 | D:3      | 1815 ||| Stepping ~*~*~tactically~*~*~ (stealth).
  1816 | D:3      | 1816 ||| Stepping ~*~*~tactically~*~*~ (stealth).
  1822 | D:3      | Noticed Grinder
  1825 | D:3      | Paralysed by Grinder for 2 turns
  1831 | D:3      | Paralysed by Grinder for 5 turns
  1833 | D:3      | HP: 8/32 [frozen (1)]
  1836 | D:3      | HP: 3/32 [Grinder (4)]
  1840 | D:3      | 1840 ||| Stepping ~*~*~tactically~*~*~ (hiding).
  1841 | D:3      | 1841 ||| FLEEEEING.
  1842 | D:3      | 1842 ||| FLEEEEING.
  1843 | D:3      | 1843 ||| FLEEEEING.
  1844 | D:3      | 1844 ||| FLEEEEING.
  1845 | D:3      | 1845 ||| FLEEEEING.
  1846 | D:3      | 1846 ||| FLEEEEING.
  1847 | D:3      | 1847 ||| FLEEEEING.
  1848 | D:3      | 1848 ||| FLEEEEING.
  1849 | D:3      | 1849 ||| STAIRDANCE
  2124 | D:2      | 2124 ||| READING scroll labelled VYEFETIT HUBB.
  2127 | D:3      | 2127 ||| STAIRDANCE
  2365 | D:3      | Paralysed by Grinder for 5 turns
  2376 | D:3      | HP: 7/32 [Grinder (5)]
  2379 | D:3      | Slain by Grinder

Levels and vault maps discovered:
D:1:      lemuel_arrival_room, layout_rooms, serial_shops,
          nicolae_shop_behind_doors
D:2:      layout_basic, nicolae_figureground_pulse
D:3:      layout_rooms, dreamdust_ecumenical_altar_sealed_demon,
          minmay_misc_feat_rugged, uniq_grinder, uniq_terence

Skill      XL: |  1  2  3  4  5 |
---------------+----------------+-----
Axes           | 2 3 4 |  4.1
Shields        | 4 |  4.1
Fighting       | |  3.2
Armour         | |  3.2

Action                   |  1- 3 |  4- 6 || total
-------------------------+-------+-------++-------
Melee: War axe           |    64 |    92 ||   156
Throw: Boomerang         |    16 |    12 ||    28
  Use: Scroll            |     4 |     4 ||     8
Armor: Scale mail        |    32 |    39 ||    71
Dodge: Dodged            |    26 |    45 ||    71
Block: Buckler           |    10 |     6 ||    16
       Kite shield       |       |    28 ||    28

Table legend:
 A = Non-vault XP
 B = Vault XP
 C = Vault XP percentage of total XP
 D = Non-vault monster count
 E = Vault monster count
 F = Vault count percentage of total count
                 A         B        C        D         E       F
            +---------+---------+-------+---------+---------+-------
      Total |     143 |      38 |  21.0 |      51 |       1 |   1.9
            +---------+---------+-------+---------+---------+-------
        D:1 |      41 |       0 |   0.0 |      24 |       0 |   0.0
        D:2 |      86 |       0 |   0.0 |      19 |       0 |   0.0
        D:3 |      16 |      38 |  70.4 |       8 |       1 |  11.1
            +---------+---------+-------+---------+---------+-------
